[Event "Rohde op 12th"]
[Site "Sautron"]
[Date "2012.11.01"]
[Round "7"]
[White "Lagarde, Maxime"]
[Black "Arnaudov, Petar G"]
[Result "1-0"]
[ECO "A18"]
[WhiteElo "2501"]
[BlackElo "2471"]
[Annotator "RR"]
[PlyCount "155"]
[EventDate "2012.10.27"]
[EventType "swiss"]
[EventRounds "9"]
[EventCountry "FRA"]
[SourceTitle "EXT 2014"]
[Source "ChessBase"]
[SourceDate "2013.11.20"]
[SourceVersion "1"]
[SourceVersionDate "2013.11.20"]
[SourceQuality "1"]
[TimeControl "40/5400+30:1800+30"]
[WhiteClock "1:30:00"]
[BlackClock "1:30:00"]

1. c4 Nf6 2. Nc3 e6 3. e4 d5 (3... c5 {
L'alternative dans cette variante Mikenas}) 4. e5 (4. cxd5
exd5 5. e5) 4... d4 5. exf6 dxc3 6. bxc3 Qxf6 7. Nf3 (7.
d4 c5) 7... e5 (7... b6 8. d4 Bb7 9. Bd3 (9. Be2)) 8. Bd3 (8. d4) 8... Nc6 $6 (8... Na6 {[%cal Ga6c5]
Plus souple} 9. O-O Bd6 10. Bc2 Bg4 11. d4 Bxf3 12. Qxf3 Qxf3 13. gxf3 O-O-O (
13... exd4 14. Re1+) 14. c5 Bf8 15. Bg5 f6 16. Be3 exd4 17. cxd4 Nb4 18. Bf5+
Kb8 $11 {Hauchard,A (2518)-Delgado Ramirez,N (2506) Capablanca Memorial
Premier II 37th 2002 (5) 1/2}) (8... Bd6 9. O-O) 9. O-O Bf5 (9... Bc5 $5) (9... Bd6 10. Rb1 O-O 11. Be4 Bf5 $1
12. Bxf5 Qxf5 13. Rxb7 Na5 $11 ) 10. Bxf5 Qxf5 11. d4 O-O-O {[%emt 0:05:51] Un plan
risqué} 12. Be3 f6 $146 (12... Bd6 13. Rb1 e4
14. Nd2 {Stripunsky,A (2553)-Garcia,G (2461) Montreal-B 5th 2004 (6) 1/2}) 13.
Rb1 b6 14. Qa4 (14. c5 $5 exd4 15. cxd4) 14... Kb7 15. d5 (15. c5) 15... Nb8 16. Nd2 Qd7 17. Qc2 Na6 18. Rb5 c6 19. dxc6+ Qxc6 20. a4 Kc7 21. a5 $36 Bc5 22. Bxc5 Nxc5 23. axb6+ axb6 24. Rfb1 $40 Rb8 25. Nf1 $1 {[%emt 0:01:28][%cal Gf1e3,
Ge3d5] Ramenant une pièce supplémentaire en attaque} g6 26.
Ne3 $40 Rhd8 27. Nd5+ Rxd5 28. cxd5 Qxd5 29.
Qb2 Qc6 30. Qa2 Ne6 31. h4 Ra8 32. Qb3 Rb8 33. Rb4 Rb7 34.
h5 gxh5 35. Rc4 Nc5 36. Qd1 b5 37. Rcb4 Ne4 38. R4b3 (38. Qxh5 Nxc3) 38...
Nc5 39. Ra3 Ne6 40. Qxh5 $2 Qxg2+ $1 41. Kxg2 Nf4+ 42. Kf3 Nxh5 43. Rab3 (43. Rh1 Nf4 44. Rxh7+ Kb6 45. Rxb7+ Kxb7) 43...
Kc6 44. c4 b4 45. Rxb4 Rxb4 46. Rxb4 Kc5 47. Rb7 Kxc4 48. Ke4 Kc5 49. Rxh7 Nf4 50. Rd7 $1
{[%emt 0:02:11] Coupant le K} Nh3 51. Rd2 Ng5+ 52. Kf5 Kc4 53. Ra2 Kd4 54. Kxf6 Ne4+ 55. Kf5 Nd6+ 56. Kg4 Kd5 57. Re2 Ne4 58. Kf3 Ng5+ 59. Ke3 Ne4 60. Rc2 Nd6 61. Kf3 Ke6 62. Kg4 Ne4 63. Re2 Kd5 64. f3 Nd6 65. Kg5 e4 66. f4 $18 Nb5 67. f5 Nd4 68. Ra2 e3 69. f6 e2 70. Ra1 Nf3+ 71. Kg6 Kd4 72. Kf5 Nh4+ 73. Kg5 Nf3+ 74. Kf4 Ne5 75. Ra4+ Kd3 76. Ra3+ Kd4 77. Re3 Ng4 78. Re4+ 1-0